 Dungeon Crawl Stone Soup version 0.28-a0-1365-g7e0445c96d (webtiles) character file.

Game seed: 15754991274039538823

30 ChaosChampion the Skirmisher (level 3, -4/37 HPs)
             Began as an Ogre Warper on Dec 31, 2021.
             Succumbed to an adder's poison
             ... on level 2 of the Dungeon.
             The game lasted 00:01:09 (1490 turns).

ChaosChampion the Skirmisher (Ogre Warper)          Turns: 1490, Time: 00:01:09

Health: -4/37      AC:  3    Str: 17    XL:     3   Next: 18%
Magic:  7/7        EV:  9    Int: 14    God:
Gold:   30         SH:  0    Dex:  8    Spells: 5/7 levels left

rFire   . . .      SeeInvis .   a - +0 mace
rCold   . . .      Faith    .   (no shield)
rNeg    . . .      Spirit   .   b - +0 robe
rPois   .          Reflect  .   (helmet restricted)
rElec   .          Harm     .   (no cloak)
rCorr   .          Rampage  .   (gloves unavailable)
Will    .....                   (boots unavailable)
Stlth   +.........              (no amulet)
HPRegen 0.12/turn               (no ring)
MPRegen 0.10/turn               (no ring)

@: lethally poisoned (-4 -> -21)
A: large, unfitting armour, tough skin 1
a: no special abilities


You were on level 2 of the Dungeon.
You visited 1 branch of the dungeon, and saw 2 of its levels.

You collected 30 gold pieces.

Inventory:

Hand Weapons
 a - a +0 mace (weapon)
Missiles
 d - 5 boomerangs of dispersal
Armour
 b - a +0 robe (worn)
Scrolls
 c - a scroll of blinking
 h - 3 scrolls of brand weapon {unknown}
 i - a scroll of teleportation {unknown}
Potions
 e - a potion of degeneration {unknown}
 f - 2 potions of attraction {unknown}
 g - a potion of curing {unknown}
 j - a potion of heal wounds {unknown}


   Skills:
 + Level 3.3 Fighting
 + Level 2.2 Maces & Flails
 - Level 1.0 Throwing
 - Level 2.1 Dodging
 + Level 2.8 Spellcasting
 + Level 3.0 Translocations


You had 5 spell levels left.
You knew the following spells:

 Your Spells              Type           Power      Damage    Failure   Level
z - Blink                 Tloc           20%        N/A       10%         2

Your spell library contained the following spells:

 Spells                   Type           Power      Damage    Failure   Level
 Apportation              Tloc           20%        N/A       6%          1
 Gell's Gravitas          Tloc           10%        N/A       19%         3
 Lesser Beckoning         Tloc           10%        N/A       19%         3
 Teleport Other           Tloc           10%        N/A       19%         3
 Foxfire                  Conj/Fire      8%         2x1d4     22%         1
 Shock                    Conj/Air       8%         1d3       22%         1
 Portal Projectile        Hex/Tloc       12%        N/A       34%         3
 Passage of Golubria      Tloc           10%        N/A       52%         4
 Mephitic Cloud           Conj/Pois/Air  2%         N/A       54%         3
 Stone Arrow              Conj/Erth      4%         3d7       54%         3
 Manifold Assault         Tloc           10%        N/A       86%         5
 Necromutation            Tmut/Necr      1%         N/A       100%        8


Dungeon Overview and Level Annotations

Branches:
Dungeon (2/15)

Altars:


Innate Abilities, Weirdness & Mutations

You are too large for most types of armour.
You have tough skin. (AC +1)


Message History

You climb downwards.
Found an escape hatch in the floor.
There is a stone staircase leading up here.
There is an escape hatch in the floor here.
An adder comes into view.
An adder is nearby!
An adder is nearby!
An adder is nearby!
The goblin shouts!
The adder bites you.
You barely miss the adder. The adder bites you but does no damage.
You closely miss the adder. The adder misses you. The adder barely misses you.
You barely miss the adder. The adder bites you. x2
You closely miss the adder. The goblin closely misses you.
The adder barely misses you.
You miss the adder. The adder bites you.
You are poisoned.
The adder poisons you! The goblin closely misses you.
The adder closely misses you. The goblin hits you with a +0 club.
You miss the adder.
You feel sick. The adder bites you.
You are more poisoned.
The adder poisons you! The goblin hits you with a +0 club. The adder bites you.
You are more poisoned.
The adder poisons you!
You are too injured to fight recklessly!
You closely miss the adder.
You feel very sick. The gnoll closely misses you.
The goblin hits you with a +0 club. The adder bites you.
* * * LOW HITPOINT WARNING * * *
You are lethally poisoned!
The adder poisons you!
* * * LOW HITPOINT WARNING * * *
You feel very sick. The adder bites you.
* * * LOW HITPOINT WARNING * * *
You are more poisoned.
The adder poisons you!
You barely miss the adder.
You die...

### ..########
...#....# #.#.##.#
##>..##.#
###....##.#
###...#...@.######
#.<.#######S#....
#....### ##g....#
#.... # ....###
....### #.......#
#.## ##
#.###.##).#..###
.. .
........g.##...(
#.# ##.
#######........P
#..##..
#####.(..##....


You could see a gnoll (wandering), an adder and a goblin.

Vanquished Creatures
  A dart slug (D:1)
  2 bats (D:1)
  An endoplasm (D:1)
  2 giant cockroaches
  4 jackals (D:1)
  A quokka (D:1)
  6 ball pythons
  3 frilled lizards
  2 goblins (D:1)
  2 kobolds
  A rat (D:1)
25 creatures vanquished.

Vanquished Creatures (others)
  9 plants (D:2)
9 creatures vanquished.

Grand Total: 34 creatures vanquished

Notes
Turn   | Place    | Note
-------+----------+-------------------------------------------
     0 | D:1      | ChaosChampion the Ogre Warper began the quest for the Orb.
     0 | D:1      | Reached XP level 1. HP: 22/22 MP: 3/3
   196 | D:1      | Found a faded altar of an unknown god.
   320 | D:1      | Reached XP level 2. HP: 22/29 MP: 5/5
   737 | D:1      | Got the Volume of the End
   751 | D:1      | Learned a level 2 spell: Blink
   787 | D:1      | Got the Disquisition on Quantum Necromancy
   929 | D:1      | Reached XP level 3. HP: 26/37 MP: 7/7
  1489 | D:2      | HP: 1/37 [adder (4)]
  1490 | D:2      | Succumbed to an adder's poison

Illustrated notes

Levels and vault maps discovered:
D:1:      dpeg_arrival_boxorama, layout_basic,
          ebering_ecumenical_altar_petrified
D:2:      layout_rooms, nicolae_concentric_dashed_squares_mild,
          nicolae_grassy_gnolls

Skill      XL: |  1  2  3 |
---------------+----------+-----
Maces & Flails | 2 |  2.2
Fighting       | 3 |  3.3
Translocations | 3 |  3.0
Throwing       | |  1.0
Dodging        | |  2.1
Spellcasting   | |  2.8

Action                   || total
-------------------------++-------
Melee: Mace              ||   105
Armor: Robe              ||    54
Dodge: Dodged            ||    81

Table legend: (Time is in decaauts)
 A = Elapsed time spent in this place.
 B = Non-inter-level travel time spent in this place.
 C = Inter-level travel time spent in this place.
 D = Time resting spent in this place.
 E = Time spent auto-exploring this place.
 F = Levels seen in this place.
 G = Mean time per level.
                   A        B        C        D        E       F      G
               +--------+--------+--------+--------+--------+-----+--------+
         Total |   1521 |   1485 |     36 |    306 |    911 |   2 |  760.5 |
       Dungeon |   1521 |   1485 |     36 |    306 |    911 |   2 |  760.5 |
               +--------+--------+--------+--------+--------+-----+--------+

Top non-repeatable levels by time:
     D:1: 1451 daAuts
     D:2: 70 daAuts
